 Dungeon Crawl Stone Soup version 0.28.0 (webtiles) character file.

Game seed: 10435019955140124945

1215 Ayyar the Chopper (level 8, -4/60 HPs)
             Began as a Gnoll Wanderer on Apr 1, 2022.
             Was a Follower of Okawaru.
             Hit by a javelin thrown by a centaur (6 damage)
             ... in a bailey.
             The game lasted 00:16:05 (5281 turns).

Ayyar the Chopper (Gnoll Wanderer)                  Turns: 5281, Time: 00:16:05

Health: -4/60      AC:  7    Str: 15    XL:     8   Next: 46%
Magic:  12/12      EV: 11    Int: 10    God:    Okawaru [*.....]
Gold:   172        SH:  0    Dex: 12    Spells: 13/13 levels left

rFire   . . .      SeeInvis +   p - +6 short sword of Vuorr {flame, SInv}
rCold   . . .      Faith    .   (no shield)
rNeg    . . .      Spirit   .   d - +0 scale mail
rPois   .          Reflect  .   k - +0 hat
rElec   .          Harm     .   (no cloak)
rCorr   .          Rampage  .   (no gloves)
Will    .....                   (no boots)
Stlth   +.........              (no amulet)
HPRegen 0.20/turn               (no ring)
MPRegen 0.13/turn               (no ring)

@: no status effects
A: fangs 1, strong nose, distributed training
a: Renounce Religion, Heroism


You were in a bailey.
You worshipped Okawaru.
Okawaru was aware of your devotion.
You visited 2 branches of the dungeon, and saw 7 of its levels.
You also visited: Bailey.

You collected 172 gold pieces.

Inventory:

Hand Weapons
 a - a +2 hand axe
 b - a +0 hand crossbow
 n - a +0 war axe
 p - the +6 short sword of Vuorr (weapon) {flame, SInv}
   (You found it on level 3 of the Dungeon)

   It burns those it strikes, dealing additional fire damage.
   SInv:      It lets you see invisible.
 w - the +5 rapier of the Unseen Realm {holy, rPois rCorr Int+3 SInv}
   (You found it on level 8 of the Dungeon)

   It has been blessed by the Shining One to cause great damage to the undead
   and demons.
   Int:       It affects your intelligence (+3).
   rPois:     It protects you from poison.
   SInv:      It lets you see invisible.
   rCorr:     It protects you from acid and corrosion.
Missiles
 c - 43 bolts
 e - 2 throwing nets
 g - 5 boomerangs (quivered)
Armour
 d - a +0 scale mail (worn)
 h - a +0 troll leather armour {Pargi}
 k - a +0 hat (worn)
Scrolls
 f - 2 scrolls of enchant weapon {unknown}
 i - 5 scrolls of identify {unknown}
 j - a scroll of blinking {unknown}
 l - a scroll of fog {unknown}
 m - a scroll of amnesia {unknown}
 o - a scroll of vulnerability {unknown}
 r - a scroll of acquirement {unknown}
 s - 2 scrolls of teleportation
 t - a scroll of enchant armour {unknown}
 v - a scroll of torment {unknown}
Potions
 u - a potion of curing


   Skills:
 + Level 4.2 Fighting
 + Level 3.3 Short Blades
 + Level 3.3 Long Blades
 + Level 7.4 Axes
 + Level 3.3 Maces & Flails
 + Level 3.3 Polearms
 + Level 3.3 Staves
 + Level 3.3 Slings
 + Level 3.3 Bows
 + Level 4.2 Crossbows
 + Level 3.3 Throwing
 + Level 5.7 Armour
 + Level 5.7 Dodging
 + Level 3.3 Stealth
 + Level 3.3 Shields
 + Level 3.3 Unarmed Combat
 + Level 3.3 Spellcasting
 + Level 2.6 Conjurations
 + Level 2.6 Hexes
 + Level 2.6 Summonings
 + Level 2.6 Necromancy
 + Level 2.6 Translocations
 + Level 2.6 Transmutations
 + Level 2.6 Fire Magic
 + Level 2.6 Ice Magic
 + Level 2.6 Air Magic
 + Level 2.6 Earth Magic
 + Level 2.6 Poison Magic
 + Level 3.6 Invocations
 + Level 4.2 Evocations


You had 13 spell levels left.
You didn't know any spells.
Your spell library contained the following spells:

 Spells                   Type           Power      Damage    Failure   Level
 Corpse Rot               Necr/Air       14%        N/A       43%         2
 Gell's Gravitas          Tloc           7%         N/A       67%         3
 Lesser Beckoning         Tloc           7%         N/A       67%         3
 Ozocubu's Armour         Ice            7%         N/A       67%         3
 Teleport Other           Tloc           7%         N/A       67%         3
 Dispel Undead            Necr           7%         3d8       97%         4
 Hailstorm                Conj/Ice       7%         3d4       97%         4
 Ice Form                 Ice/Tmut       7%         N/A       97%         4
 Metabolic Englaciation   Hex/Ice        3%         N/A       100%        5
 Death Channel            Necr           Unusable   N/A       N/A         6
 Simulacrum               Ice/Necr       Unusable   N/A       N/A         6

Dungeon Overview and Level Annotations

Branches:
Dungeon (8/15)             Temple (1/1) D:4          Bailey (1/1)
   Lair: D:8-11

Altars:
Ashenzari
Cheibriados
Dithmenos
Elyvilon
Fedhas
Gozag
Hepliaklqana
Kikubaaqudgha
Makhleb
Nemelex Xobeh
Okawaru
Qazlal
Ru
Sif Muna
Trog
Uskayaw
Vehumet
Xom
Zin
The Shining One

Shops:
D:1 [

Annotations:
Temple Dowan, Duvessa


Innate Abilities, Weirdness & Mutations

You have very sharp teeth.
Your uncanny sense of smell can sniff out nearby items.
Your experience applies equally to all skills.


Message History

The boomerang hits the orc but does no damage.
Throw: 5 boomerangs
Press: ? - help, Q - select action, (/) - cycle Shift-Dir - straight line, f/p - orc
Aim: an orc, wielding a +0 spear and wearing a +0 chain mail (68% to hit)
You throw a boomerang. The boomerang hits the orc.
The orc is almost dead.
Throw: 5 boomerangs
Press: ? - help, Q - select action, (/) - cycle Shift-Dir - straight line, f/p - orc
Aim: an orc, wielding a +0 spear and wearing a +0 chain mail (almost dead, 68% to hit)
You throw a boomerang. The boomerang hits the orc.
You kill the orc!
Okawaru accepts your kill.
You start resting.
An orc comes into view. It is wielding a +0 trident.
Throw: 5 boomerangs
Press: ? - help, Q - select action, (/) - cycle Shift-Dir - straight line, f - orc
Aim: an orc, wielding a +0 trident and wearing a +0 chain mail (68% to hit)
You throw a boomerang. The centaur shouts!
The boomerang hits the orc!
You kill the orc!
Okawaru accepts your kill.
The centaur throws a javelin.
The javelin closely misses you.
Throw: 5 boomerangs
Press: ? - help, Q - select action, (/) - cycle Shift-Dir - straight line, f - centaur
Aim: a centaur, wielding a +0 halberd, wearing a +0 chain mail and quivering javelins (79% to hit)
You throw a boomerang. The boomerang hits the centaur.
The centaur is lightly wounded.
The centaur throws a javelin.
The javelin pierces through you!
* * * LOW HITPOINT WARNING * * *
Throw: 5 boomerangs
Press: ? - help, Q - select action, (/) - cycle Shift-Dir - straight line, f/p - centaur
Aim: a centaur, wielding a +0 halberd, wearing a +0 chain mail and quivering javelins (lightly wounded, 79% to hit)
You throw a boomerang.
The boomerang hits the centaur but does no damage.
The centaur is lightly wounded.
The centaur throws a javelin.
The javelin pierces through you.
* * * LOW HITPOINT WARNING * * *
The centaur throws a javelin.
The javelin pierces through you.
You die...

≈...≈≈≈≈≈≈≈≈≈)).
≈..≈≈.......≈≈≈.
≈....≈≈≈≈≈≈≈).≈≈
...≈≈≈.....≈≈≈.≈
..≈≈..≈≈≈≈≈..≈≈.
.≈≈.≈≈≈...≈≈≈.≈.
.≈.≈≈..⌠.⌠..≈.≈≈
.≈.....@∩∩..≈)..
.≈.≈≈..⌠.⌠..≈.≈≈
.≈≈.≈≈≈...≈≈≈.≈.
..≈≈..≈≈≈≈≈(.≈≈.
...≈≈≈..)..≈≈≈(≈
≈....≈≈≈≈≈≈≈).≈≈
≈..≈≈.......≈≈≈.
≈...≈≈≈≈≈≈≈≈≈c..


You could see a centaur.

Vanquished Creatures
  A steam dragon (D:8)
  Menkaure (D:4)
  A water moccasin (D:5)
  Pargi (D:3)
  2 black bears
  2 necrophages (D:4)
  A centaur (D:8)
  A kobold brigand (D:4)
  An orc priest (D:8)
  A hound (D:5)
  A jelly (D:3)
  An iguana (D:4)
  An orc wizard (D:8)
  A howler monkey zombie (D:4)
  4 gnolls (D:4)
  2 adders
  3 dart slugs
  12 orcs
  6 endoplasms
  A giant cockroach (D:1)
  11 goblins
  2 hobgoblins (D:4)
  4 quokkas
  5 ball pythons
  7 bats
  3 frilled lizards (D:1)
  6 kobolds
  A rat (D:1)
83 creatures vanquished.

Notes
Turn   | Place    | Note
-------+----------+-------------------------------------------
     0 | D:1      | Ayyar the Gnoll Wanderer began the quest for the Orb.
     0 | D:1      | Ayyar set off with the following items: a +2 hand axe, a +0
                  | hand crossbow, 23 bolts, a +0 scale mail
     0 | D:1      | Reached XP level 1. HP: 17/17 MP: 1/1
    14 | D:1      | Found Notist's Armour Shoppe.
    80 | D:1      | Reached XP level 2. HP: 21/23 MP: 2/2
   756 | D:2      | Reached XP level 3. HP: 22/28 MP: 3/3
  1157 | D:3      | Found a faded altar of an unknown god.
  1181 | D:3      | Reached skill level 1 in Invocations
  1546 | D:3      | Identified the +6 short sword of Vuorr {flame, SInv}
  1634 | D:3      | Reached skill level 1 in Short Blades
  1634 | D:3      | Reached skill level 1 in Long Blades
  1634 | D:3      | Reached skill level 1 in Maces & Flails
  1634 | D:3      | Reached skill level 1 in Polearms
  1634 | D:3      | Reached skill level 1 in Staves
  1634 | D:3      | Reached skill level 1 in Slings
  1634 | D:3      | Reached skill level 1 in Bows
  1634 | D:3      | Reached skill level 1 in Throwing
  1634 | D:3      | Reached skill level 1 in Stealth
  1634 | D:3      | Reached skill level 1 in Shields
  1634 | D:3      | Reached skill level 1 in Unarmed Combat
  1634 | D:3      | Reached skill level 1 in Spellcasting
  1638 | D:3      | Reached XP level 4. HP: 30/34 MP: 5/5
  1669 | D:3      | Noticed Pargi
  1676 | D:3      | Killed Pargi
  1677 | D:3      | Reached skill level 1 in Conjurations
  1677 | D:3      | Reached skill level 1 in Hexes
  1677 | D:3      | Reached skill level 1 in Summonings
  1677 | D:3      | Reached skill level 1 in Necromancy
  1677 | D:3      | Reached skill level 1 in Translocations
  1677 | D:3      | Reached skill level 1 in Transmutations
  1677 | D:3      | Reached skill level 1 in Fire Magic
  1677 | D:3      | Reached skill level 1 in Ice Magic
  1677 | D:3      | Reached skill level 1 in Air Magic
  1677 | D:3      | Reached skill level 1 in Earth Magic
  1677 | D:3      | Reached skill level 1 in Poison Magic
  1677 | D:3      | Reached XP level 5. HP: 31/41 MP: 5/7
  2077 | D:4      | Noticed a black bear
  2091 | D:4      | Noticed a kobold brigand
  2099 | D:4      | Killed a kobold brigand
  2100 | D:4      | Reached XP level 6. HP: 41/47 MP: 8/8
  2183 | D:4      | Found a sacrificial altar of Ru.
  2417 | D:4      | Noticed Duvessa
  2417 | D:4      | Noticed Dowan
  2433 | D:4      | Found a staircase to the Ecumenical Temple.
  2442 | Temple   | Entered the Ecumenical Temple
  2853 | Temple   | Became a worshipper of Warmaster Okawaru
  2885 | Temple   | HP: 1/47 [Duvessa (4)]
  3416 | D:4      | Reached skill level 5 in Armour
  3416 | D:4      | Reached skill level 5 in Dodging
  3626 | D:4      | Noticed a necrophage
  3632 | D:4      | Noticed a necrophage
  3636 | D:4      | Killed a necrophage
  3647 | D:4      | Killed a necrophage
  3648 | D:4      | Reached skill level 7 in Axes
  3648 | D:4      | Reached XP level 7. HP: 45/52 MP: 10/10
  3954 | D:4      | Noticed Menkaure
  3962 | D:4      | Killed Menkaure
  3962 | D:4      | Reached * piety under Okawaru
  4245 | D:5      | Entered Level 5 of the Dungeon
  4405 | D:5      | Found a shimmering blue altar of Sif Muna.
  4618 | D:5      | Reached XP level 8. HP: 28/60 MP: 12/12
  4851 | D:5      | You fall into a shaft and drop 3 floors!
  4951 | D:8      | Found a sparkling altar of Nemelex Xobeh.
  4976 | D:8      | Found a burning altar of Makhleb.
  5024 | D:8      | Identified the +5 rapier of the Unseen Realm {holy, rPois
                  | rCorr Int+3 SInv}
  5208 | D:8      | Found a flagged portal.
  5241 | Bailey   | Entered a bailey
  5280 | Bailey   | HP: 2/60 [centaur/javelin (5)]
  5281 | Bailey   | Hit by a javelin thrown by a centaur

Illustrated notes

Levels and vault maps discovered:
D:1:      amcnicky_arrival_underground_garden, layout_rooms, serial_shops, shop,
          chequers_garden
D:2:      layout_loops_ring
D:3:      layout_loops_ring, shapermc_ecumenical_altar_starsandcircs,
          serial_bayou_lagoon_b, uniq_pargi
D:4:      layout_basic, mainiacjoe_overflow_alcove_1, minmay_temple_entry_grid,
          nicolae_concentric_dashed_squares_wild, hangedman_decor_points,
          uniq_menkaure, uniq_duvessa
D:5:      layout_basic, lemuel_coloured_pillars_altar, serial_shops,
          nicolae_diamond_shop
D:8:      layout_basic, mainiacjoe_overflow_alcove_4,
          nemelex_xobeh_ov_fountains_minmay, enter_bailey_3,
          corexii_corridor_pit
Temple:   eino_temple_scatter_basement
Bailey:   bailey_polearm_flooded_kennysheep, bailey

Skill      XL: |  1  2  3  4  5  6  7 |
---------------+----------------------+-----
Invocations    | 1 2 3 |  3.6
Short Blades   | 1 2 3 |  3.3
Long Blades    | 1 2 3 |  3.3
Maces & Flails | 1 2 3 |  3.3
Polearms       | 1 2 3 |  3.3
Staves         | 1 2 3 |  3.3
Slings         | 1 2 3 |  3.3
Bows           | 1 2 3 |  3.3
Throwing       | 1 2 3 |  3.3
Stealth        | 1 2 3 |  3.3
Shields        | 1 2 3 |  3.3
Unarmed Combat | 1 2 3 |  3.3
Spellcasting   | 1 2 3 |  3.3
Fighting       | 3 4 |  4.2
Crossbows      | 3 4 |  4.2
Conjurations   | 1 2 |  2.6
Hexes          | 1 2 |  2.6
Summonings     | 1 2 |  2.6
Necromancy     | 1 2 |  2.6
Translocations | 1 2 |  2.6
Transmutations | 1 2 |  2.6
Fire Magic     | 1 2 |  2.6
Ice Magic      | 1 2 |  2.6
Air Magic      | 1 2 |  2.6
Earth Magic    | 1 2 |  2.6
Poison Magic   | 1 2 |  2.6
Evocations     | 3 4 |  4.2
Armour         | 5 |  5.7
Dodging        | 5 |  5.7
Axes           | 7 |  7.4

Action                   |  1- 3 |  4- 6 |  7- 9 || total
-------------------------+-------+-------+-------++-------
Melee: Hand axe          |    98 |       |       ||    98
       Bite              |     8 |     9 |     6 ||    23
       Short sword       |     6 |    88 |    63 ||   157
       Punch             |       |     4 |     2 ||     6
Throw: Dart              |       |     8 |    10 ||    18
       Boomerang         |       |       |    23 ||    23
  Use: Potion            |       |     5 |     2 ||     7
       Scroll            |       |     2 |       ||     2
Armor: Scale mail        |    51 |    35 |    24 ||   110
       Skin              |       |       |     5 ||     5
Dodge: Dodged            |    43 |    46 |    39 ||   128
